Map: Dash and Terminal LE (Void)

Players

wabbajack

  • Race: Zerg Zerg
  • League: Gold

BuffRandom - Winner!

  • Race: Zerg Zerg
  • League: Silver

VOD

Have the link to the VOD?

Description

Time

  • Played on: July 19, 2015, 2:40 p.m.
  • Length: 10:59
Show
View Real Time Build Order
Export as new Build Order

wabbajack Zerg 

Build Orders: Hatch First 

Get SALT Encoding   

  12  0:02  Drone  
  13  0:14  Overlord  
  13  0:34  Drone x3  
  16  0:46  Drone  
  17  0:58  Hatchery  
  16  1:13  Spawning Pool  
  16  1:18  Extractor  
  14  1:19  Drone x2  
  14  1:22  Drone  
  17  1:56  Drone x2, Overlord  
  17  2:00  Queen  
  21  2:12  Queen  
  23  2:24  Drone x2  
  25  2:34  Metabolic Boost  
  25  2:39  Roach Warren  
  24  2:46  Spine Crawler  
  23  3:13  Overlord x2  
  23  3:19  Drone x3  
  27  3:20  Drone x2  
  27  3:23  Drone  
  29  3:28  Extractor  
  29  3:31  Drone  
  29  3:37  Drone x3  
  29  3:40  Roach x3  
  38  3:54  Overlord  
  38  3:56  Roach x3  
  38  3:57  Roach  
  38  4:00  Roach  
  48  4:09  Overlord  
  48  4:10  Overlord  
  48  4:29  Roach x5  
  48  4:30  Roach  
  60  4:35  Zergling x2  
  60  4:36  Zergling x4  
  63  4:39  Zergling x4  
  62  5:21  Zergling x2  
  62  5:22  Zergling x12  
  63  5:33  Overlord x2  
  63  5:34  Zergling x6  
  64  5:48  Ravager  
  64  5:49  Ravager x2  
  67  5:52  Ravager x3  
  67  5:54  Overlord x2  
  70  6:04  Zergling x14  
  71  6:05  Zergling x8  
  81  6:13  Ravager  
  81  6:17  Drone x2  
  54  7:15  Ravager x2  
  54  7:20  Drone  
  54  7:21  Drone x4  
  54  7:22  Drone x2, Zergling x2  
  62  7:23  Zergling x6  
  62  7:29  Lair  
  65  7:31  Queen  
  65  7:33  Hatchery  
  65  7:34  Hatchery  
  56  8:38  Drone x6  
  56  8:39  Drone x2  
  56  8:40  Overlord x2  
  64  9:12  Queen  
  64  9:16  Roach x13  
  64  9:17  Roach x6  
  96  9:35  Overseer  
  93  9:41  Hydralisk Den  
  74  10:09  Roach  
  74  10:10  Roach x17  
Show
View Real Time Build Order
Export as new Build Order

BuffRandom Zerg - Winner!

Build Orders: Hatch First 

Get SALT Encoding   

  12  0:01  Drone  
  13  0:09  Drone  
  14  0:22  Overlord  
  14  0:42  Drone x3  
  17  0:57  Drone  
  18  1:04  Hatchery  
  18  1:05  Drone  
  18  1:16  Spawning Pool  
  17  1:23  Drone  
  18  1:27  Extractor  
  18  1:28  Drone  
  18  1:39  Drone  
  19  1:48  Drone  
  20  1:59  Drone  
  21  2:08  Overlord  
  21  2:14  Queen  
  21  2:15  Roach Warren  
  22  2:16  Extractor  
  22  2:19  Queen  
  22  2:22  Drone x2  
  25  2:28  Drone  
  25  2:29  Drone  
  27  2:31  Metabolic Boost  
  27  2:37  Drone  
  27  2:40  Drone  
  29  2:50  Drone  
  30  3:00  Overlord  
  30  3:10  Roach  
  30  3:11  Roach x2  
  36  3:18  Roach  
  36  3:19  Queen  
  40  3:20  Queen  
  40  3:25  Drone x2  
  44  3:50  Overlord x2  
  44  4:04  Overlord x2  
  44  4:13  Roach x5  
  44  4:14  Roach x3  
  60  4:19  Overlord  
  60  4:25  Roach  
  60  4:26  Roach  
  64  4:33  Roach x2  
  64  4:36  Roach  
  70  4:46  Zergling x2  
  70  4:47  Zergling x6  
  74  5:07  Roach x4  
  74  5:08  Spine Crawler  
  75  5:15  Roach x2  
  77  5:25  Roach x2  
  77  5:26  Roach  
  77  5:28  Zergling x2  
  77  5:29  Zergling x2  
  79  5:36  Lair  
  79  5:43  Zergling x4  
  79  5:47  Drone  
  79  5:48  Drone  
  79  5:49  Drone  
  84  5:58  Overlord  
  84  6:14  Overlord x2  
  84  6:18  Evolution Chamber  
  83  6:19  Evolution Chamber  
  72  6:34  Roach  
  72  6:35  Roach x6  
  86  6:44  Zerg Missile Weapons Level 1, Roach  
  68  7:03  Roach  
  68  7:04  Roach x4  
  76  7:15  Roach  
  76  7:20  Burrow  
  74  7:27  Zerg Ground Armor Level 1  
  74  7:32  Ravager  
  74  7:37  Ravager  
  70  8:03  Roach x3, Zergling x2  
  70  8:04  Roach  
  71  8:20  Roach x2  
  71  8:21  Roach x3  
  71  8:25  Roach  
  83  8:28  Zergling x2  
  84  8:51  Roach  
  84  8:52  Roach x4  
  94  9:05  Extractor  
  94  9:08  Roach x2, Extractor  
  94  9:09  Roach  
  98  9:12  Drone  
  98  9:13  Drone  
  100  9:17  Roach x18  
  94  9:27  Roach x10  
  94  9:30  Roach x26  
  94  9:31  Roach x3  
  100  9:40  Roach x11  
  86  10:06  Roach  
  84  10:07  Roach x6  
Tags
 
Add a new tag
Caveats
  • Supply blocks, unpowered buildings, or Contaminate may cause inaccurate times.
  • Supply counts are checked every 10 seconds.